Map: Ulrena

Players

LindyHop - Winner!

  • Race: Zerg Zerg
  • League: Silver

Pyromancer

  • Race: Protoss Protoss
  • League: Gold

VOD

Have the link to the VOD?

Description

Time

  • Played on: Dec. 3, 2015, 12:37 a.m.
  • Length: 13:56
Show
View Real Time Build Order
Export as new Build Order

LindyHop Zerg - Winner!

Build Orders: Hatch First 

Get SALT Encoding   

  12  0:01  Drone  
  13  0:08  Drone  
  14  0:36  Hatchery  
  14  0:42  Drone  
  14  0:45  Overlord  
  14  1:02  Spawning Pool  
  13  1:06  Drone  
  13  1:10  Drone  
  15  1:14  Extractor  
  15  1:16  Drone  
  15  1:21  Drone  
  16  1:28  Drone  
  17  1:41  Drone  
  18  1:51  Queen  
  18  1:52  Queen  
  22  1:55  Drone  
  22  2:00  Drone  
  24  2:11  Drone  
  24  2:12  Drone  
  24  2:13  Drone  
  26  2:30  Spine Crawler  
  26  2:35  Spine Crawler  
  24  2:48  Spine Crawler  
  23  2:55  Zergling x6  
  26  3:01  Baneling Nest  
  23  3:24  Spawning Pool  
  22  3:38  Zergling x8  
  22  3:39  Zergling x4  
  23  4:12  Baneling x6  
  19  5:14  Zergling x2  
  19  5:15  Zergling x10  
  25  5:31  Overlord x2  
  24  5:50  Zergling x2  
  24  5:51  Zergling x8  
  24  5:56  Metabolic Boost  
  29  6:02  Drone  
  30  6:07  Baneling  
  30  6:08  Baneling x10  
  30  6:24  Hatchery  
  29  6:45  Drone x3  
  32  6:47  Extractor  
  26  7:02  Drone x6  
  26  7:03  Drone  
  33  7:09  Baneling  
  33  7:10  Baneling x5  
  28  7:44  Drone x7  
  28  7:49  Zergling x2  
  36  7:58  Zergling x2  
  37  7:59  Zergling x2  
  37  8:04  Lair, Roach Warren  
  37  8:13  Zergling x4  
  39  8:20  Zergling x2  
  39  8:21  Zergling x2  
  39  8:22  Zergling x2  
  39  8:23  Zergling x4  
  44  8:28  Extractor  
  44  8:29  Extractor  
  42  8:46  Drone x2  
  42  8:47  Drone x2  
  46  8:52  Queen  
  48  9:01  Hatchery  
  47  9:23  Zergling x2  
  47  9:24  Zergling x4  
  49  9:25  Overlord x3  
  49  9:35  Hydralisk Den  
  47  10:02  Drone x9, Spore Crawler  
  55  10:20  Hydralisk  
  55  10:21  Hydralisk x3  
  60  10:34  Drone x6  
  62  10:44  Drone x3  
  62  10:46  Hydralisk  
  67  10:59  Hydralisk  
  67  11:00  Hydralisk x2  
  67  11:02  Hydralisk x2  
  77  11:10  Drone  
  78  11:23  Overlord x2  
  78  11:24  Overlord  
  78  11:29  Drone  
  78  11:32  Extractor  
  78  11:34  Extractor  
  77  11:46  Hatchery  
  76  11:52  Hydralisk x8  
  89  12:22  Drone x9  
  93  12:39  Drone x3  
  96  13:00  Drone x6  
  96  13:02  Spire  
  101  13:30  Overlord x3  
Show
View Real Time Build Order
Export as new Build Order

Pyromancer Protoss 

Build Orders:  

Get SALT Encoding   

  12  0:04  Probe (Chrono Boost)  
  13  0:15  Probe (Chrono Boost)  
  14  0:22  Pylon  
  14  0:25  Probe (Chrono Boost)  
  15  0:41  Gateway  
  15  0:46  Pylon  
  15  0:51  Pylon  
  15  1:01  Pylon  
  15  1:12  Forge  
  15  1:16  Probe (Chrono Boost)  
  16  1:26  Probe (Chrono Boost)  
  17  1:47  Photon Cannon  
  17  1:50  Photon Cannon  
  17  1:52  Pylon  
  17  1:55  Probe (Chrono Boost)  
  18  2:05  Probe (Chrono Boost)  
  19  2:09  Photon Cannon  
  19  2:13  Pylon  
  19  2:31  Photon Cannon  
  19  2:34  Photon Cannon  
  19  2:45  Photon Cannon  
  19  2:47  Probe (Chrono Boost)  
  20  2:58  Probe (Chrono Boost), Pylon  
  21  3:08  Photon Cannon  
  21  3:25  Photon Cannon  
  21  3:34  Photon Cannon  
  21  3:36  Photon Cannon  
  21  3:42  Probe (Chrono Boost)  
  22  3:52  Pylon  
  22  3:53  Probe (Chrono Boost)  
  23  3:57  Pylon  
  23  4:03  Photon Cannon  
  23  4:13  Photon Cannon  
  23  4:17  Photon Cannon  
  23  4:19  Zealot (Chrono Boost)  
  25  4:31  Photon Cannon  
  25  4:33  Photon Cannon  
  16  5:13  Zealot (Chrono Boost)  
  18  5:23  Photon Cannon  
  18  5:26  Photon Cannon  
  18  5:36  Zealot (Chrono Boost)  
  19  5:54  Cybernetics Core  
  19  6:00  Zealot (Chrono Boost)  
  21  6:06  Photon Cannon  
  21  6:16  Probe  
  22  6:23  Zealot (Chrono Boost)  
  24  6:28  Probe  
  25  6:33  Assimilator  
  25  6:44  Photon Cannon  
  15  7:04  Probe, Assimilator  
  16  7:16  Probe  
  16  7:28  Warp Gate (Chrono Boost)  
  16  7:29  Photon Cannon  
  16  7:30  Probe  
  16  7:36  Pylon  
  17  7:42  Probe  
  18  7:54  Probe  
  18  7:57  Zealot  
  21  8:07  Pylon  
  21  8:18  Stargate  
  20  8:24  Zealot (Chrono Boost)  
  22  8:49  Zealot (Chrono Boost)  
  24  9:01  Oracle (Chrono Boost)  
  28  9:33  Oracle (Chrono Boost)  
  20  10:44  Gateway  
  20  10:47  Gateway x2  
  19  11:03  Stalker  
  21  11:24  Void Ray (Chrono Boost)  
  25  11:40  Stalker  
  27  11:50  Stalker  
  29  12:02  Void Ray (Chrono Boost)  
  33  12:28  Stalker  
  33  12:29  Stalker  
  37  12:30  Stalker  
  39  12:39  Void Ray (Chrono Boost)  
  40  12:45  Stalker  
  42  12:57  Stalker  
  44  13:07  Stalker x2  
  44  13:11  Stalker  
Tags
 
Add a new tag
Caveats
  • Supply blocks, unpowered buildings, or Contaminate may cause inaccurate times.
  • Supply counts are checked every 10 seconds.